 Dungeon Crawl Stone Soup version 0.24-a0-504-gcfb02b9 (webtiles) character file.

Game seed: 13227544334656480537

60 sighowe the Conjurer (level 3, -2/14 HPs)
             Began as a Felid Conjurer on July 17, 2019.
             Slain by a worm (9 damage)
             ... on level 2 of the Dungeon.
             The game lasted 00:07:06 (2157 turns).

sighowe the Conjurer (Felid Conjurer)               Turns: 2157, Time: 00:07:06

Health: -2/14      AC:  1    Str:  5    XL:     3   Next: 80%
Magic:  0/7        EV: 18    Int: 16    God:
Gold:   113        SH:  0    Dex: 16    Spells: 6/7 levels left
                                        Lives:  0   Deaths: 0

rFire    . . .     SeeInvis +   (weapon unavailable)
rCold    . . .     Gourm    .   (shield unavailable)
rNeg     . . .     Faith    .   (armour unavailable)
rPois    .         Spirit   .   (helmet unavailable)
rElec    .         Reflect  .   (cloak unavailable)
rCorr    .         Harm     +   (gloves unavailable)
MR       .....                  (boots unavailable)
Stlth    +++.......             a - amulet of harm
HPRegen  0.04/turn              (no ring)
MPRegen  0.10/turn              (no ring)

@: quick
A: very small, no armour, no weapons or thrown items, stealth, claws 1, fangs 3,
see invisible, carnivore, speed 1, shaggy fur 1, slow metabolism 1, sharp paws
a: no special abilities


You were on level 2 of the Dungeon.
You were very hungry.

You visited 1 branch of the dungeon, and saw 2 of its levels.

You collected 113 gold pieces.

Inventory:

Jewellery
 a - an amulet of harm (around neck)
Scrolls
 c - a scroll of teleportation
 d - a scroll of immolation {unknown}
 g - a scroll of remove curse {unknown}
 h - a scroll of identify
 j - a scroll of enchant armour {unknown}
Potions
 e - a potion of agility {unknown}
 f - a potion of flight
 i - a potion of brilliance
Comestibles
 b - 2 rations
 k - a chunk of flesh


   Skills:
 + Level 3.1 Dodging
 + Level 2.9 Stealth
 + Level 2.5 Spellcasting
 + Level 4.4 Conjurations


You had 6 spell levels left.
You knew the following spells:

 Your Spells              Type           Power        Failure   Level  Hunger
a - Magic Dart            Conj           ###.         3%          1    #......

Your spell library contained the following spells:

 Spells                   Type           Power        Failure   Level  Hunger
 Searing Ray              Conj           ###...       4%          2    ##.....
 Dazzling Spray           Conj/Hex       #.....       24%         3    ###....
 Iskenderun's Mystic Bla  Conj           ###.....     30%         4    #####..
 Force Lance              Conj/Tloc      #.......     61%         4    #####..
 Fulminant Prism          Conj/Hex       #.........   61%         4    #####..


Dungeon Overview and Level Annotations

Branches:
Dungeon (2/15)

Altars:


Innate Abilities, Weirdness & Mutations

You cannot wear armour.
You are incapable of wielding weapons or throwing items.
Your paws allow you to move quietly. (Stealth)
You have sharp claws.
You have razor-sharp teeth.
You have supernaturally acute eyesight. (SInv)
You are carnivorous and can eat meat at any time.
You cover ground quickly.
You are covered in fur. (AC +1)
You have a slow metabolism.
Your sharp claws are effective at attacking unaware monsters.


Message History

The worm is heavily wounded.
Casting: Magic Dart (safe; 3% risk of failure)
Confirm with . or Enter, or press ? or * to list all spells.
You don't have enough magic to cast that spell.
Unknown command.
You scratch the worm but do no damage.
The worm is heavily wounded.
You scratch the worm but do no damage. You bite the worm.
The worm is heavily wounded.
The worm bites you.
You scratch the worm.
The worm is severely wounded.
The worm misses you.
You scratch the worm.
The worm is almost dead.
You scratch the worm.
The worm is almost dead.
The worm bites you!
Ouch! That really hurt!
You die...

.# ###.# #...
########+#.#####
#.......>.......
#...........w...
##########.........###.##
#.........รท........# #.#
#....[..@w.........# #.#
#..........######### #.#
#..........# #.#
#..........# #.#
#..........# #.#
#..........# #.#
#..........# #.#
#..........# #.#
#..........#### #.#


You could see a worm.

Vanquished Creatures
  3 adders (D:2)
  A dart slug (D:2)
  2 bats (D:2)
  2 giant cockroaches (D:1)
  3 hobgoblins (D:1)
  2 jackals (D:2)
  3 kobolds (D:1)
  A ball python (D:1)
  5 frilled lizards
  6 goblins
  3 rats
31 creatures vanquished.

Notes
Turn   | Place    | Note
-------+----------+-------------------------------------------
     0 | D:1      | sighowe the Felid Conjurer began the quest for the Orb.
     0 | D:1      | Reached XP level 1. HP: 7/7 MP: 4/4
   599 | D:1      | Reached skill level 4 in Conjurations
   599 | D:1      | Reached XP level 2. HP: 5/11 MP: 0/6
  1727 | D:2      | Reached XP level 3. HP: 12/14 MP: 2/7
  2157 | D:2      | Slain by a worm

Levels and vault maps discovered:
D:1:      roderic_lyre, layout_basic
D:2:      layout_basic

Skill      XL: |  1  2 |
---------------+-------+-----
Conjurations   | 4 |  4.4
Dodging        | 3 |  3.1
Stealth        | |  2.9
Spellcasting   | |  2.5

Action                   || total
-------------------------++-------
Melee: Unarmed           ||    41
       Bite              ||     3
 Cast: Magic Dart        ||    84
  Use: Scroll            ||     4
       Potion            ||     3
  Eat: Chunk             ||     1
Armor: Skin              ||     7
Dodge: Dodged            ||    57

Table legend:
 A = Non-vault XP
 B = Vault XP
 C = Vault XP percentage of total XP
 D = Non-vault monster count
 E = Vault monster count
 F = Vault count percentage of total count
                 A         B        C        D         E       F
            +---------+---------+-------+---------+---------+-------
      Total |      86 |       0 |   0.0 |      31 |       0 |   0.0
            +---------+---------+-------+---------+---------+-------
        D:1 |      24 |       0 |   0.0 |      16 |       0 |   0.0
        D:2 |      62 |       0 |   0.0 |      15 |       0 |   0.0
            +---------+---------+-------+---------+---------+-------
